 Dungeon Crawl Stone Soup version 0.32-a0-876-gcfddb08e57 (webtiles) character file.

Game seed: 470105456063708107

21 Autsider the Magician (level 2, 0/27 HPs)
             Began as an Oni Hedge Wizard on Apr 1, 2024.
             Slain by an adder (3 damage)
             ... on level 2 of the Dungeon.
             The game lasted 00:03:13 (1318 turns).

Autsider the Magician (Oni Hedge Wizard)            Turns: 1318, Time: 00:03:13

Health: 0/27       AC:  1    Str: 13    XL:     2   Next: 83%
Magic:  1/6        EV:  8    Int: 15    God:
Gold:   62         SH:  0    Dex:  8    Spells: 7/8 levels left

rFire   . . .        f - +0 club
rCold   . . .        (no shield)
rNeg    . . .        (body armour restricted)
rPois   .            c - +0 hat
rElec   .            (no cloak)
rCorr   .            (gloves unavailable)
SInv    .            (boots unavailable)
Will    +....        (no amulet)
Stlth   +            (no ring)
HPRegen 0.24/turn    (no ring)
MPRegen 0.10/turn

%: no passive effects
@: lethally poisoned (0 -> -9), attractive, enlightened, flying, very slightly
contaminated
A: large, unfitting armour, horns 1, tough skin 1, double potion healing,
drunken brawling
a: no special abilities


You were on level 2 of the Dungeon.
You visited 1 branch of the dungeon, and saw 2 of its levels.

You collected 62 gold pieces.

Inventory:

Hand Weapons
 f - a +0 club (weapon)
Armour
 c - a +0 hat (worn)
Jewellery
 e - a ring of ice
Scrolls
 a - 2 scrolls of noise {unknown}
 g - a scroll of poison {unknown}
 h - a scroll of fog {unknown}
Potions
 d - a potion of magic


   Skills:
 + Level 1.3 Fighting
 + Level 0.2 Maces & Flails
 - Level 1.7 Dodging
 - Level 1.4 Stealth
 + Level 3.9 Spellcasting
 + Level 1.3 Conjurations
 + Level 1.3 Summonings
 - Level 0.8 Translocations


You had 7 spell levels left.
You knew the following spells:

 Your Spells              Type           Power      Damage    Failure   Level
a - Magic Dart            Conj           24%        1d4       11%         1

Your spell library contained the following spells:

 Spells                   Type           Power      Damage    Failure   Level
 Call Imp                 Summ           12%        N/A       16%         2
 Slow                     Hex            8%         N/A       19%         1
 Blink                    Tloc           10%        N/A       19%         2
 Cigotuvi's Dreadful Rot  Necr/Alch/Air  4%         N/A       28%         2
 Mephitic Cloud           Conj/Alch/Air  4%         N/A       41%         3


Dungeon Overview and Level Annotations

Branches:
Dungeon (1/15)

Altars:

Shops:
D:1 ?


Innate Abilities, Weirdness & Mutations

You are too large for most types of armour.
You have a pair of small horns on your head.
You have tough skin. (AC +1)
You gain doubled healing and magic from potions.
Whenever you drink a healing potion, you attack all around you.


Message History

You closely miss the adder. Your headbutt misses the adder.
The adder is heavily wounded.
The adder bites you.
You are poisoned.
The adder poisons you!
Casting: Magic Dart (safe; 11% risk of failure)
Confirm with . or Enter, or press ? or * to list all spells.
Aiming: Magic Dart (safe; 11% risk of failure)
Press: ? - help, Shift-Dir - straight line, f/p - adder
Aim: an adder (heavily wounded, 100% to hit)
You miscast Magic Dart.
Nothing appears to happen.
You feel sick. The adder bites you.
* * * LOW HITPOINT WARNING * * *
You are more poisoned.
The adder poisons you! The adder barely misses you.
Casting: Magic Dart (safe; 11% risk of failure)
Confirm with . or Enter, or press ? or * to list all spells.
Aiming: Magic Dart (safe; 11% risk of failure)
Press: ? - help, Shift-Dir - straight line, f/p - adder
Aim: an adder (heavily wounded, 100% to hit)
The magic dart hits the adder.
The adder is severely wounded.
You feel sick.
The kobold hits you with a +0 short sword.
* * * LOW HITPOINT WARNING * * *
The adder bites you.
* * * LOW HITPOINT WARNING * * *
You are lethally poisoned!
The adder poisons you!
It was a potion of enlightenment.
You feel very buoyant.
You fly up into the air.
* * * LOW HITPOINT WARNING * * *
You feel very sick. The kobold closely misses you.
The adder closely misses you.
It was a potion of attraction.
You feel attractive to monsters.
* * * LOW HITPOINT WARNING * * *
You feel sick. The adder bites you.
You die...

... #... #.# #... #.#
#... #.# #... #.# #..$
#.# #... #.#
####..S##.######..#....
......K@..........#...#
............####..#...##
.......................#
..#..##.#.#.####.....# #
. #.. #.#.#.###......# #
... #.#............# #
#.. #..............# #
#.. #.#.#...###....###
.......### #.......


You could see an adder and a kobold.

Vanquished Creatures
  2 ball pythons (D:1)
  2 bats (D:1)
  An endoplasm (D:1)
  A giant cockroach (D:1)
  A goblin (D:1)
  3 hobgoblins (D:1)
  4 kobolds (D:1)
  A quokka (D:1)
  3 frilled lizards
  2 rats (D:1)
20 creatures vanquished.

Notes
Turn   | Place    | Note
-------+----------+-------------------------------------------
     0 | D:1      | Autsider the Oni Hedge Wizard began the quest for the Orb.
     0 | D:1      | Reached XP level 1. HP: 16/16 MP: 5/5
    67 | D:1      | Reached skill level 1 in Conjurations
    67 | D:1      | Reached skill level 1 in Summonings
   249 | D:1      | Found Huyf Sig's Magic Scroll Shop.
   292 | D:1      | Reached XP level 2. HP: 26/26 MP: 1/6
   343 | D:1      | Reached skill level 1 in Fighting
  1199 | D:1      | You fall into a shaft and drop 1 floor!
  1318 | D:2      | Slain by an adder

Illustrated notes

Levels and vault maps discovered:
D:1:      dpeg_arrival_simpleton_c, layout_loops_corners, serial_shops,
          nicolae_diamond_shop, hex_tiny
D:2:      layout_basic, uniq_natasha, uniq_terence

Skill      XL: |  1  2 |
---------------+-------+-----
Conjurations   | 1 |  1.3
Summonings     | 1 |  1.3
Fighting       | 1 |  1.3
Maces & Flails | |  0.2
Dodging        | |  1.7
Stealth        | |  1.4
Spellcasting   | |  3.9
Translocations | |  0.8

Action                     || total
---------------------------++-------
  Melee: Unarmed           ||     3
         Headbutt          ||     3
         Club              ||    13
   Cast: Magic Dart        ||    45
    Use: Potion            ||     2
   Stab: Sleeping          ||     1
 Armour: Skin              ||    26
  Dodge: Dodged            ||    10

Table legend: (Time is in decaauts)
 A = Elapsed time spent in this place.
 B = Non-inter-level travel time spent in this place.
 C = Inter-level travel time spent in this place.
 D = Time resting spent in this place.
 E = Time spent auto-exploring this place.
 F = Levels seen in this place.
 G = Mean time per level.
                   A        B        C        D        E       F      G
               +--------+--------+--------+--------+--------+-----+--------+
         Total |   1321 |   1321 |      0 |      0 |   1191 |   2 |  660.5 |
       Dungeon |   1321 |   1321 |      0 |      0 |   1191 |   2 |  660.5 |
               +--------+--------+--------+--------+--------+-----+--------+

Top non-repeatable levels by time:
     D:1: 1201 daAuts
     D:2: 119 daAuts
